 Dungeon Crawl Stone Soup version 0.30-a0-575-g6f4a10e2d2 (webtiles) character file.

Game seed: 16751286927621059103

3425 Ijustatesigmund the Blocker (level 10, -7/92 HPs)
             Began as a Hill Orc Fighter on Dec 30, 2022.
             Was a Follower of Okawaru.
             Mangled by a hornet (11 damage)
             ... on level 7 of the Dungeon.
             The game lasted 00:10:57 (7314 turns).

Ijustatesigmund the Blocker (Hill Orc Fighter)      Turns: 7314, Time: 00:10:57

Health: -7/92      AC: 11    Str: 24    XL:     10   Next: 5%
Magic:  11/13      EV: 10    Int:  8    God:    Okawaru [*.....]
Gold:   345        SH: 19    Dex: 16    Spells: 9/9 levels left

rFire   . . .      SeeInvis .    a - +3 war axe
rCold   . . .      Faith    .    c - +0 kite shield
rNeg    . . .      Spirit   .    b - +0 chain mail
rPois   .          Reflect  +    (no helmet)
rElec   .          Harm     .    k - +0 cloak
rCorr   +          Rampage  .    g - +1 pair of gloves
Will    .....                    (no boots) Stlth
                                 F - amulet of reflection
HPRegen 0.35/turn                i - +6 ring of dexterity
MPRegen 0.13/turn                l - ring of resist corrosion

@: lethally poisoned (-7 -> -14), heroic, marked, corroded, hasted and slowed,
studying Shields, invisible
A: no striking features
a: Renounce Religion, Heroism


You were on level 7 of the Dungeon.
You worshipped Okawaru.
Okawaru was aware of your devotion.
You visited 2 branches of the dungeon, and saw 9 of its levels.
You also visited: Sewer.

You collected 345 gold pieces.

Inventory:

Hand Weapons
 a - a +3 war axe (weapon)
 D - a +2 hand axe of flaming
Armour
 b - a +0 chain mail (worn)
 c - a +0 kite shield (worn)
 g - a +1 pair of gloves (worn)
 k - a +0 cloak (worn)
Jewellery
 i - a +6 ring of dexterity (left hand)
 l - a ring of resist corrosion (right hand)
 t - an amulet of the acrobat
 v - a ring of wizardry
 E - a ring of poison resistance
 F - an amulet of reflection (around neck)
Wands
 j - a wand of iceblast (2)
 G - a wand of mindburst (13)
 I - a wand of flame (14)
Scrolls
 f - a scroll of immolation
 m - a scroll of amnesia
 p - 3 scrolls of fog
 y - 6 scrolls of enchant armour
Potions
 d - a potion of flight
 h - 3 potions of lignification
 n - a potion of berserk rage {unknown}
 q - a potion of mutation
 r - a potion of resistance
 s - a potion of ambrosia {unknown}
 u - a potion of brilliance {unknown}
 x - 5 potions of attraction
 z - a potion of magic {unknown}
 A - a potion of experience {unknown}
 B - a potion of haste
 C - 2 potions of degeneration {unknown}
 H - a potion of cancellation {unknown}


   Skills:
 + Level 9.6(14.6) Fighting
 + Level 10.0(15.0) Axes
 - Level 5.4(10.4) Armour
 + Level 11.1(16.1) Shields
 + Level 4.1 Invocations
 - Level 1.2 Evocations


You had 9 spell levels left.
You didn't know any spells.
Your spell library contained the following spells:

 Spells                   Type           Power      Damage    Failure   Level
 Sting                    Tmut/Pois      0%         1d3       98%         1
 Poisonous Vapours        Pois/Air       0%         N/A       99%         2
 Vhi's Electric Charge    Tloc/Air       0%         N/A       100%        3
 Olgreb's Toxic Radiance  Pois           0%         N/A       100%        4
 Arcjolt                  Conj/Air       0%         1d10      100%        5
 Maxwell's Capacitive Co  Air            0%         ∞         100%        8


Dungeon Overview and Level Annotations

Branches:
Dungeon (8/15)             Temple (1/1) D:7           Sewer (visited)
   Lair: D:8-11

Altars:
Ashenzari
Cheibriados
Dithmenos
Elyvilon
Fedhas
Gozag
Hepliaklqana
Kikubaaqudgha
Makhleb
Nemelex Xobeh
Okawaru
Qazlal
Ru
Sif Muna
Trog
Uskayaw
Vehumet
Wu Jian
Xom
Yredelemnul
Zin
The Shining One

Annotations:
D:8 Erica


Message History

The jelly jiggles.
The jelly hits you but does no damage.
The sky beast flickers out of sight!
Deactivating autopickup; reactivate with Ctrl-A.
Something hits you but does no damage. The black bear bites you.
The black bear claws you but does no damage. x2
The hornet stings you.
You are more poisoned.
You feel yourself slow down.
You can move again.
Okay, then.
You fade into invisibility!
You feel extremely sick. The hornet barely misses you.
You block the jelly's attack. Something hits you. Something shocks you.
The black bear bites you but does no damage.
You block the black bear's attack. The black bear claws you.
The hornet stings you but does no damage.
You gain the combat prowess of a mighty hero.
You feel yourself speed up.
You feel very sick. You block the hornet's attack. The jelly barely misses you.
Something hits you but does no damage. You block the black bear's attack.
The black bear claws you but does no damage. x2
The hornet closely misses you. Something hits you.
* * * LOW HITPOINT WARNING * * *
Something shocks you.
* * * LOW HITPOINT WARNING * * *
You block the jelly's attack. The black bear closely misses you.
The black bear barely misses you.
The black bear claws you but does no damage.
You feel very sick. You block the hornet's attack.
The black bear barely misses you. You block the black bear's attack.
The black bear closely misses you.
A sky beast appears from thin air!
Reactivating autopickup.
Okay, then.
You feel yourself speed up.
You feel sick. The hornet stings you!
* * * LOW HITPOINT WARNING * * *
You feel yourself slow down. The hornet stings you!
You die...

#####.......###'##.+..>
#...#.......#......#.⌠.
#...#.......#.....##...
#...#.......+.....####+
#...#.......#.....#....
#...#.......#.....'....
#...#.......#######....
#...######.............
#.....@JY#.........####
#.....hy§'.........#...
#........#.........#...
#........#.........'...
#........#.........#...
#...######<......[.#...
#...##...#.........####
#........#.........#...
#........#.........'...


You could see a hornet (unable to see you), a black bear (unable to see you), a
sky beast (unable to see you) and a jelly.

Vanquished Creatures
  Pikel (D:4)
  Psyche (D:8)
  Grinder (D:4)
  2 water moccasins
  A black bear (D:7)
  Pargi (Sewer)
  An orc warrior (D:7)
  2 ice beasts (D:6)
  A centaur (D:5)
  2 bullfrogs (D:7)
  A gnoll sergeant (D:6)
  A kobold brigand (D:6)
  3 scorpions
  9 wights
  3 jellies
  A gnoll bouda (D:7)
  7 hounds
  An orc priest (D:7)
  6 iguanas
  Terence (D:2)
  5 orc wizards (D:5)
  3 gnolls (D:6)
  An adder (D:5)
  2 shadow imps (D:6)
  2 white imps
  An ufetubus (D:5)
  2 worms
  A dart slug (D:4)
  12 orcs
  9 ball pythons
  12 endoplasms
  10 giant cockroaches
  3 goblins
  7 hobgoblins
  7 jackals
  17 kobolds
  6 quokkas
  4 bats
  2 frilled lizards
  5 rats
157 creatures vanquished.

Notes
Turn   | Place    | Note
-------+----------+-------------------------------------------
     0 | D:1      | Ijustatesigmund the Hill Orc Fighter began the quest for
                  | the Orb.
     0 | D:1      | Reached XP level 1. HP: 19/19 MP: 1/1
   101 | D:1      | Reached XP level 2. HP: 27/27 MP: 2/2
   414 | D:1      | Reached XP level 3. HP: 31/33 MP: 3/3
   626 | D:1      | Found a faded altar of an unknown god.
  1113 | D:2      | Noticed Terence
  1125 | D:2      | Killed Terence
  1126 | D:2      | Reached XP level 4. HP: 22/40 MP: 4/4
  2345 | D:4      | Reached skill level 4 in Shields
  2354 | D:4      | Reached skill level 1 in Evocations
  2355 | D:4      | Reached XP level 5. HP: 30/47 MP: 5/5
  2551 | D:4      | Noticed Grinder
  2583 | D:4      | Paralysed by Grinder for 2 turns
  2587 | D:4      | Killed Grinder
  2588 | D:4      | Reached skill level 5 in Fighting
  2588 | D:4      | Reached skill level 5 in Axes
  2588 | D:4      | Reached XP level 6. HP: 39/56 MP: 6/6
  2718 | D:4      | Reached skill level 5 in Armour
  2718 | D:4      | Reached skill level 5 in Shields
  2718 | D:4      | Reached XP level 7. HP: 61/61 MP: 7/7
  2977 | D:4      | Found a shadowy altar of Dithmenos.
  3149 | D:5      | Entered Level 5 of the Dungeon
  3193 | D:5      | Found a glowing drain.
  3208 | Sewer    | Entered a sewer
  3230 | Sewer    | Noticed Pargi
  3233 | Sewer    | Killed Pargi
  3494 | D:5      | Reached skill level 6 in Shields
  3513 | D:5      | Reached XP level 8. HP: 30/71 MP: 8/8
  3755 | D:5      | Reached skill level 7 in Shields
  3768 | D:5      | Found an ancient bone altar of Kikubaaqudgha.
  3891 | D:5      | Noticed Pikel
  3915 | D:4      | Killed Pikel
  3916 | D:4      | Reached skill level 8 in Shields
  4250 | D:5      | Reached XP level 9. HP: 73/81 MP: 9/9
  4550 | D:6      | Reached skill level 9 in Shields
  5292 | D:7      | Found a staircase to the Ecumenical Temple.
  5299 | Temple   | Entered the Ecumenical Temple
  5703 | Temple   | Became a worshipper of Warmaster Okawaru
  5824 | D:7      | Reached skill level 10 in Shields
  5824 | D:7      | Reached skill level 1 in Invocations
  6669 | D:7      | Noticed a hornet
  6841 | D:8      | Noticed Psyche
  6849 | D:8      | Killed Psyche
  6849 | D:8      | Reached * piety under Okawaru
  6909 | D:8      | Reached XP level 10. HP: 63/89 MP: 12/12
  6911 | D:8      | Reached skill level 10 in Axes
  6911 | D:8      | Reached skill level 11 in Shields
  7007 | D:8      | Noticed Erica
  7309 | D:7      | Paralysed by a hornet for 2 turns
  7314 | D:7      | HP: 4/92 [hornet (9)]
  7314 | D:7      | Mangled by a hornet

Illustrated notes

Levels and vault maps discovered:
D:1:      heliophobic_arrival_dark_side_of_the_moon, layout_basic,
          basic_ecumenical_altar
D:2:      layout_rooms, uniq_terence
D:3:      layout_loops_cross
D:4:      layout_cave_pools, nicolae_dithmenos_shadow_blocks, serial_glass,
          glass_columns_b, glass_columns_a, uniq_grinder
D:5:      layout_rooms, mainiacjoe_overflow_24_doors, gup_sewer_entry_pipe,
          kennysheep_nub, chequers_serial_rivers_micro_c, chequers_mini_garden,
          grunt_decor_resistance, minmay_misc_feat_four_crosses,
          grunt_decor_fettered, uniq_pikel
D:6:      layout_basic
D:7:      layout_gridville, minmay_temple_entry_hall, minmay_stone_trees_medium,
          grunt_tough_drop
D:8:      layout_basic, nicolae_hexahallways, uniq_joseph, uniq_erica,
          uniq_psyche
Temple:   mainiacjoe_temple_big_plus

Skill      XL: |  1  2  3  4  5  6  7  8  9 10 |
---------------+-------------------------------+-----
Axes           | 3 5 6 8 9 10 | 10.0
Fighting       | 4 5 6 8 9 |  9.6
Armour         | 4 5 |  5.4
Shields        | 4 5 6 8 10 11 | 11.1
Evocations     | 1 |  1.2
Invocations    | 3 4 |  4.1

Action                   |  1- 3 |  4- 6 |  7- 9 | 10-12 || total
-------------------------+-------+-------+-------+-------++-------
Melee: War axe           |    99 |   107 |   161 |    20 ||   387
       Hand axe          |       |       |   170 |       ||   170
Invok: Heroism           |       |       |       |     1 ||     1
Evoke: Wand              |       |     3 |     4 |       ||     7
  Use: Scroll            |       |     8 |     7 |     2 ||    17
       Potion            |       |     1 |     5 |     4 ||    10
 Stab: Invisible         |       |       |     1 |       ||     1
Armor: Scale mail        |    53 |       |       |       ||    53
       Chain mail        |       |    77 |   145 |    17 ||   239
Dodge: Dodged            |    46 |    28 |    85 |     9 ||   168
Block: Buckler           |    29 |       |       |       ||    29
       Kite shield       |       |    61 |   208 |    21 ||   290
       Reflection        |       |       |     3 |       ||     3

Table legend: (Time is in decaauts)
 A = Elapsed time spent in this place.
 B = Non-inter-level travel time spent in this place.
 C = Inter-level travel time spent in this place.
 D = Time resting spent in this place.
 E = Time spent auto-exploring this place.
 F = Levels seen in this place.
 G = Mean time per level.
                   A        B        C        D        E       F      G
               +--------+--------+--------+--------+--------+-----+--------+
         Total |   7475 |   7195 |    280 |    926 |   4908 |  10 |  747.5 |
       Dungeon |   6853 |   6618 |    235 |    926 |   4392 |   8 |  856.6 |
        Temple |    434 |    390 |     44 |      0 |    384 |   1 |  434.0 |
         Sewer |    187 |    187 |      0 |      0 |    132 |   1 |  187.0 |
               +--------+--------+--------+--------+--------+-----+--------+

Top non-repeatable levels by time:
     D:7: 1271 daAuts
     D:4: 1063 daAuts
     D:1: 1007 daAuts
     D:5: 976 daAuts
     D:3: 869 daAuts
     D:6: 849 daAuts
     D:2: 519 daAuts
  Temple: 434 daAuts
     D:8: 297 daAuts
   Sewer: 187 daAuts
